NCAA
ARIZONA WILDCATS @ STANFORD CARDINAL
02/17/2060
 
TOP OF THE 1ST
Arizona Wildcats batting - Pitching for Stanford Cardinal : RHP Tarik Richards
Pitching: RHP Tarik Richards
Batting: RHB Brendan McIntyre 0-0: Bunt missed!
0-1: Ball
1-1: Ground out 5-3 (Groundball, 5, EV 83.1 MPH)
Batting: RHB Richard Sall 0-0: Called Strike
0-1: Ball
1-1: Reached on error, E5 (Groundball, 56, EV 87.5 MPH)
Batting: RHB Brian Panek 0-0: Ball
1-0: SINGLE (Line Drive, 34D, EV 101.9 MPH)
Richard Sall to second
Batting: RHB Spencer Harris 0-0: Called Strike
0-1: Called Strike
0-2: Ball
1-2: Ball
2-2: Ball
3-2: Foul Ball, location: 2F
3-2: Foul Ball, location: 2F
3-2: Strikes out looking
Batting: RHB Lucas Doyle 0-0: Fly out, F1 (Line Drive, P, EV 72.5 MPH)
Top of the 1st over - 0 runs, 1 hit, 1 error, 2 left on base; Arizona 0 - Stanford 0
BOTTOM OF THE 1ST
Stanford Cardinal batting - Pitching for Arizona Wildcats : RHP Jackson Dahms
Pitching: RHP Jackson Dahms
Batting: RHB Kurt de la Piedra 0-0: Called Strike
0-1: Ball
1-1: Swinging Strike
1-2: Strikes out swinging
Batting: LHB Zavier Cobb 0-0: Called Strike
0-1: Ball
1-1: Ball
2-1: Called Strike
2-2: Ball
3-2: Fly out, F6 (Popup, 6M, EV 60.6 MPH)
Batting: RHB Lawrence Rawson 0-0: Ball
1-0: Foul Ball, location: 2F
1-1: Called Strike
1-2: Foul Ball, location: 2F
1-2: Ball
2-2: Foul Ball, location: 2F
2-2: Fly out, F2 (Popup, 13S, EV 89.4 MPH)
Bottom of the 1st over - 0 runs, 0 hits, 0 errors, 0 left on base; Arizona 0 - Stanford 0
TOP OF THE 2ND
Arizona Wildcats batting - Pitching for Stanford Cardinal : RHP Tarik Richards
Batting: LHB LaDontae Sini 0-0: Called Strike
0-1: Called Strike
0-2: Strikes out swinging
Batting: SHB Isaac Willis 0-0: Called Strike
0-1: Called Strike
0-2: Fly out, F7 (Flyball, 78S, EV 80.0 MPH)
Batting: LHB Billy Cook 0-0: Ball
1-0: Called Strike
1-1: Foul Ball, location: 2F
1-2: Ball
2-2: Fly out, F8 (Flyball, 8LM, EV 91.2 MPH)
Top of the 2nd over - 0 runs, 0 hits, 0 errors, 0 left on base; Arizona 0 - Stanford 0
BOTTOM OF THE 2ND
Stanford Cardinal batting - Pitching for Arizona Wildcats : RHP Jackson Dahms
Batting: LHB Phillip Rothlisberger 0-0: Called Strike
0-1: Foul Ball, location: 2F
0-2: Foul Ball, location: 2F
0-2: Strikes out swinging
Batting: LHB Brian Elder 0-0: Swinging Strike
0-1: Called Strike
0-2: Ground out 6-3 (Groundball, 6, EV 103.1 MPH)
Batting: RHB Richard Ernst 0-0: Fly out, F7 (Flyball, 78M, EV 80.0 MPH)
Bottom of the 2nd over - 0 runs, 0 hits, 0 errors, 0 left on base; Arizona 0 - Stanford 0
TOP OF THE 3RD
Arizona Wildcats batting - Pitching for Stanford Cardinal : RHP Tarik Richards
Batting: LHB Donnie Thornhill 0-0: Foul Ball, location: 2F
0-1: Ball
1-1: Ball
2-1: Ball
3-1: Swinging Strike
3-2: DOUBLE (Line Drive, 78D, EV 108.1 MPH)
Batting: RHB Brendan McIntyre 0-0: Ball
1-0: Foul Ball, location: 2F
1-1: Fly out, F9 (Flyball, 89M, EV 86.2 MPH)
Runner from 2nd tags up, SAFE at 3rd with throw by RF
Batting: RHB Richard Sall 0-0: Reached on error, E6 (Groundball, 6, EV 105.0 MPH)
Donnie Thornhill scores
Batting: RHB Brian Panek 0-0: Ball
1-0: Foul Ball, location: 2F
1-1: SINGLE (Groundball, P, EV 80.0 MPH) (infield hit)
Richard Sall to third
Batting: RHB Spencer Harris 0-0: Called Strike
Brian Panek steals 2nd base
0-1: Swinging Strike
0-2: Ball
1-2: Ball
2-2: Foul Ball, location: 2F
2-2: Ground out 5-3 (Groundball, 56S, EV 89.4 MPH)
Richard Sall scores
Batting: RHB Lucas Doyle 0-0: Ball
1-0: Ball
2-0: Called Strike
2-1: SINGLE (Flyball, 4MD, EV 93.8 MPH)
Brian Panek to third
Runner from 3rd tries for Home, throw by CF and OUT! 8-2
Top of the 3rd over - 2 runs, 3 hits, 1 error, 1 left on base; Arizona 2 - Stanford 0
BOTTOM OF THE 3RD
Stanford Cardinal batting - Pitching for Arizona Wildcats : RHP Jackson Dahms
Batting: RHB Nat Hill 0-0: Called Strike
0-1: Ball
1-1: Foul Ball, location: 2F
1-2: Ball
2-2: Ball
3-2: Base on Balls
Batting: RHB Deven Copeland 0-0: Called Strike
0-1: DOUBLE (Line Drive, 3D, EV 107.5 MPH)
Nat Hill to third
Batting: RHB Peyton Beidelman 0-0: Ball
1-0: Foul Ball, location: 2F
1-1: Ball
2-1: Foul Ball, location: 2F
2-2: Strikes out swinging
Batting: RHB Kurt de la Piedra 0-0: Ball
1-0: Ball
2-0: Called Strike
2-1: Called Strike
2-2: Ball
3-2: Strikes out swinging
Batting: LHB Zavier Cobb 0-0: Called Strike
0-1: Ball
1-1: Foul Ball, location: 2F
1-2: Ball
2-2: Ground out 1-3 (Groundball, 15S, EV 70.6 MPH)
Bottom of the 3rd over - 0 runs, 1 hit, 0 errors, 2 left on base; Arizona 2 - Stanford 0
TOP OF THE 4TH
Arizona Wildcats batting - Pitching for Stanford Cardinal : RHP Tarik Richards
Batting: LHB LaDontae Sini 0-0: Ball
1-0: Foul Ball, location: 2F
1-1: Ball
2-1: Ball
3-1: SOLO HOME RUN (Flyball, 9D, EV 95.6 MPH), Distance : 358 ft
Batting: SHB Isaac Willis 0-0: Foul Ball, location: 2F
0-1: SINGLE (Line Drive, 4MD, EV 96.9 MPH)
Batting: LHB Billy Cook 0-0: Ball
1-0: Ball
2-0: Swinging Strike
2-1: Foul Ball, location: 2F
2-2: Ball
3-2: Base on Balls
Isaac Willis to second
Batting: LHB Donnie Thornhill 0-0: Ball
1-0: Ball
2-0: Ball
3-0: Base on Balls
Isaac Willis to third
Billy Cook to second
Batting: RHB Brendan McIntyre 0-0: Ball
1-0: Ball
2-0: Called Strike
2-1: Fielders Choice at 2nd, 5-4 (Groundball, 5, EV 81.2 MPH)
Isaac Willis scores
Billy Cook to third
Batting: RHB Richard Sall Pickoff Throw to First - Error! E1
Billy Cook scores
Brendan McIntyre to second
0-0: Ground out U3 (Groundball, 34, EV 106.2 MPH)
Brendan McIntyre to third
Batting: RHB Brian Panek 0-0: Intentional Walk
Batting: RHB Spencer Harris 0-0: Ball
Brian Panek steals 2nd base
1-0: Intentional Walk
Batting: RHB Lucas Doyle 0-0: Ball
1-0: Swinging Strike
1-1: SINGLE (Line Drive, 7S, EV 105.6 MPH)
Brendan McIntyre scores
Brian Panek to third
Spencer Harris to second
Runner from 3rd tries for Home, SAFE, throw by LF to home
Batting: LHB LaDontae Sini 0-0: Called Strike
0-1: Swinging Strike
0-2: Ball
1-2: Strikes out swinging
Top of the 4th over - 5 runs, 3 hits, 1 error, 2 left on base; Arizona 7 - Stanford 0
BOTTOM OF THE 4TH
Stanford Cardinal batting - Pitching for Arizona Wildcats : RHP Jackson Dahms
Batting: RHB Lawrence Rawson 0-0: Foul Ball, location: 2F
0-1: Ball
1-1: Ball
2-1: Foul Ball, location: 2F
2-2: Ground out 6-3 (Groundball, 6, EV 80.0 MPH)
Batting: LHB Phillip Rothlisberger 0-0: Swinging Strike
0-1: Ball
1-1: Called Strike
1-2: SINGLE (Line Drive, 7LS, EV 106.2 MPH)
Batting: LHB Brian Elder 0-0: Called Strike
0-1: Ball
1-1: Ball
2-1: Ball
3-1: SINGLE (Groundball, 3D, EV 95.0 MPH)
Phillip Rothlisberger to second
Runner from 2nd tries for 3rd, SAFE, throw by RF made to third
Batting: RHB Richard Ernst 0-0: Called Strike
0-1: Ball
1-1: Ground out 5-3 (Groundball, 56S, EV 73.8 MPH)
Phillip Rothlisberger scores
Brian Elder to second
Batting: RHB Nat Hill 0-0: Ball
1-0: Ball
2-0: Ball
3-0: Base on Balls
Batting: RHB Deven Copeland 0-0: Called Strike
0-1: Called Strike
0-2: Foul Ball, location: 2F
0-2: Ball
1-2: Fielders Choice at 2nd, U6 (Groundball, 6M, EV 103.8 MPH)
Bottom of the 4th over - 1 run, 2 hits, 0 errors, 2 left on base; Arizona 7 - Stanford 1
TOP OF THE 5TH
Arizona Wildcats batting - Pitching for Stanford Cardinal : RHP Tarik Richards
Batting: SHB Isaac Willis 0-0: Ball
1-0: Called Strike
1-1: Ball
2-1: Called Strike
2-2: Fly out, F9 (Flyball, 9LS, EV 89.4 MPH)
Pitching: RHP Liam Prelesnik
Batting: LHB Billy Cook 0-0: Called Strike
0-1: Foul Ball, location: 2F
0-2: Ball
1-2: SINGLE (Groundball, 6MD, EV 100.0 MPH)
Batting: LHB Donnie Thornhill 0-0: Called Strike
0-1: Ball
1-1: Ball
2-1: Ball
3-1: Fielders Choice at 2nd, 6-4 (Groundball, 6D, EV 85.6 MPH)
Batting: RHB Brendan McIntyre 0-0: Called Strike
0-1: Ball
1-1: Ball
Donnie Thornhill steals 2nd base
2-1: Foul Ball, location: 2F
2-2: Ball
3-2: SINGLE (Line Drive, 7LS, EV 88.1 MPH)
Donnie Thornhill to third
Runner from 3rd tries for Home, SAFE, throw by LF to home
Batting: RHB Richard Sall 0-0: Ball
1-0: Fielders Choice at 2nd, 6-4 (Groundball, 6, EV 77.5 MPH)
Top of the 5th over - 1 run, 2 hits, 0 errors, 1 left on base; Arizona 8 - Stanford 1
BOTTOM OF THE 5TH
Stanford Cardinal batting - Pitching for Arizona Wildcats : RHP Jackson Dahms
Batting: RHB Peyton Beidelman 0-0: Ball
1-0: Foul Ball, location: 2F
1-1: Ball
2-1: Foul Ball, location: 2F
2-2: Foul Ball, location: 2F
2-2: Fly out, F8 (Flyball, 8RS, EV 90.0 MPH)
Pitching: LHP Frank Kropp
Batting: RHB Kurt de la Piedra 0-0: Ball
1-0: Ball
2-0: Ball
3-0: Called Strike
3-1: Called Strike
3-2: SINGLE (Line Drive, 9LM, EV 106.2 MPH)
Batting: LHB Zavier Cobb 0-0: Called Strike
Kurt de la Piedra steals 2nd base
0-1: Ball
1-1: Swinging Strike
1-2: Ball
2-2: Foul Ball, location: 2F
2-2: SINGLE (Line Drive, 56, EV 96.2 MPH)
Kurt de la Piedra to third
Batting: RHB Lawrence Rawson 0-0: Called Strike
Zavier Cobb steals 2nd base
0-1: Swinging Strike
0-2: Strikes out looking
Batting: LHB Phillip Rothlisberger 0-0: Ball
1-0: Foul Ball, location: 2F
1-1: Ball
2-1: Ball
3-1: Called Strike
3-2: Ground out 6-3 (Groundball, 6, EV 83.1 MPH)
Bottom of the 5th over - 0 runs, 2 hits, 0 errors, 2 left on base; Arizona 8 - Stanford 1
TOP OF THE 6TH
Arizona Wildcats batting - Pitching for Stanford Cardinal : RHP Liam Prelesnik
Batting: RHB Brian Panek 0-0: Ball
1-0: Swinging Strike
1-1: Foul Ball, location: 2F
1-2: Foul Ball, location: 2F
1-2: Ball
2-2: Strikes out swinging
Batting: RHB Spencer Harris 0-0: Ball
1-0: Ball
2-0: Called Strike
2-1: Called Strike
2-2: Fly out, F8 (Flyball, 8LD, EV 92.5 MPH)
Batting: RHB Lucas Doyle 0-0: Foul Ball, location: 2F
0-1: Foul Ball, location: 2F
0-2: Ball
1-2: Foul Ball, location: 2F
1-2: Strikes out swinging
Top of the 6th over - 0 runs, 0 hits, 0 errors, 0 left on base; Arizona 8 - Stanford 1
BOTTOM OF THE 6TH
Stanford Cardinal batting - Pitching for Arizona Wildcats : LHP Frank Kropp
Batting: LHB Brian Elder 0-0: Ball
1-0: Called Strike
1-1: SINGLE (Flyball, 78M, EV 90.0 MPH)
Batting: RHB Richard Ernst 0-0: Ball
1-0: Ball
2-0: Ball
3-0: Base on Balls
Brian Elder to second
Batting: RHB Nat Hill 0-0: Foul Ball, location: 2F
0-1: Grounds into double play, 6-4-3 (Groundball, 6, EV 101.2 MPH)
Brian Elder to third
Batting: RHB Deven Copeland 0-0: Ball
1-0: Called Strike
1-1: Called Strike
1-2: Strikes out swinging
Bottom of the 6th over - 0 runs, 1 hit, 0 errors, 1 left on base; Arizona 8 - Stanford 1
TOP OF THE 7TH
Arizona Wildcats batting - Pitching for Stanford Cardinal : RHP Liam Prelesnik
Batting: LHB LaDontae Sini 0-0: Ball
1-0: Ball
2-0: Called Strike
2-1: Foul Ball, location: 2F
2-2: SINGLE (Groundball, 4MD, EV 98.1 MPH)
Batting: SHB Isaac Willis 0-0: Ball
1-0: Called Strike
1-1: Ball
2-1: Called Strike
2-2: Strikes out swinging
Batting: LHB Billy Cook 0-0: Called Strike
0-1: Fly out, F2 (Popup, 2R, EV 91.9 MPH)
Batting: LHB Donnie Thornhill 0-0: Called Strike
0-1: Called Strike
0-2: Ball
1-2: Foul Ball, location: 2F
1-2: Ball
2-2: Ball
3-2: Fly out, F7 (Flyball, 7LM, EV 100.6 MPH)
Top of the 7th over - 0 runs, 1 hit, 0 errors, 1 left on base; Arizona 8 - Stanford 1
BOTTOM OF THE 7TH
Stanford Cardinal batting - Pitching for Arizona Wildcats : LHP Frank Kropp
Batting: RHB Peyton Beidelman 0-0: Called Strike
0-1: Ball
1-1: Foul Ball, location: 2F
1-2: Foul Ball, location: 2F
1-2: Foul Ball, location: 2F
1-2: Ball
2-2: Foul Ball, location: 2F
2-2: Ball
3-2: Strikes out swinging
Batting: RHB Kurt de la Piedra 0-0: Ball
1-0: Foul Ball, location: 2F
1-1: Ball
2-1: Foul Ball, location: 2F
2-2: Fly out, F7 (Line Drive, 78D, EV 100.6 MPH)
Batting: LHB Zavier Cobb 0-0: Called Strike
0-1: Swinging Strike
0-2: Foul Ball, location: 2F
0-2: Ball
1-2: Foul Ball, location: 2F
1-2: Ball
2-2: Foul Ball, location: 2F
2-2: Ball
3-2: Foul Ball, location: 2F
3-2: Base on Balls
Pitching: RHP Cole Houghton
Batting: RHB Lawrence Rawson 0-0: Called Strike
Zavier Cobb steals 2nd base (no throw)
0-1: Called Strike
0-2: Strikes out looking
Bottom of the 7th over - 0 runs, 0 hits, 0 errors, 1 left on base; Arizona 8 - Stanford 1
TOP OF THE 8TH
Arizona Wildcats batting - Pitching for Stanford Cardinal : RHP Liam Prelesnik
Batting: RHB Brendan McIntyre 0-0: Ball
1-0: Foul Ball, location: 2F
1-1: Ball
2-1: SINGLE (Groundball, 4MD, EV 97.5 MPH)
Pitching: RHP Elisha Awtry
Batting: RHB Richard Sall 0-0: Foul Ball, location: 2F
0-1: Swinging Strike
0-2: Grounds into double play, 4-6-3 (Groundball, 4, EV 90.0 MPH)
Batting: RHB Brian Panek 0-0: Ground out 3-1 (Groundball, 34, EV 83.1 MPH)
Top of the 8th over - 0 runs, 1 hit, 0 errors, 0 left on base; Arizona 8 - Stanford 1
BOTTOM OF THE 8TH
Stanford Cardinal batting - Pitching for Arizona Wildcats : RHP Cole Houghton
Batting: LHB Phillip Rothlisberger 0-0: Ball
1-0: Ball
2-0: Ball
3-0: Foul Ball, location: 2F
3-1: Called Strike
3-2: SINGLE (Line Drive, 4MD, EV 104.4 MPH)
Batting: LHB Brian Elder 0-0: Fly out, F7 (Flyball, 78D, EV 81.9 MPH)
Batting: RHB Richard Ernst 0-0: Called Strike
0-1: Ball
1-1: Swinging Strike
1-2: Foul Ball, location: 2F
1-2: Strikes out looking
Batting: RHB Nat Hill 0-0: Fly out, F8 (Flyball, 8LD, EV 95.6 MPH)
Bottom of the 8th over - 0 runs, 1 hit, 0 errors, 1 left on base; Arizona 8 - Stanford 1
TOP OF THE 9TH
Arizona Wildcats batting - Pitching for Stanford Cardinal : RHP Elisha Awtry
Batting: RHB Spencer Harris 0-0: Called Strike
0-1: Foul Ball, location: 2F
0-2: Ball
1-2: Ball
2-2: Hit by Pitch
Batting: RHB Lucas Doyle 0-0: Ball
1-0: Ball
2-0: Called Strike
2-1: Grounds into double play, 4-6-3 (Groundball, 4, EV 82.5 MPH)
Batting: LHB LaDontae Sini 0-0: SOLO HOME RUN (Flyball, 9D, EV 93.8 MPH), Distance : 354 ft
Batting: SHB Isaac Willis 0-0: Ball
1-0: Foul Ball, location: 2F
1-1: Ball
2-1: Foul Ball, location: 2F
2-2: Ball
3-2: Base on Balls
Batting: LHB Billy Cook 0-0: Ball
1-0: Foul Ball, location: 2F
1-1: Fly out, F8 (Flyball, 8RD, EV 78.1 MPH)
Top of the 9th over - 1 run, 1 hit, 0 errors, 1 left on base; Arizona 9 - Stanford 1
BOTTOM OF THE 9TH
Stanford Cardinal batting - Pitching for Arizona Wildcats : RHP Cole Houghton
Batting: RHB Deven Copeland 0-0: Called Strike
0-1: Ball
1-1: Called Strike
1-2: Ball
2-2: Strikes out swinging
Batting: RHB Peyton Beidelman 0-0: SINGLE (Flyball, 89S, EV 88.8 MPH)
Batting: RHB Kurt de la Piedra 0-0: Ball
1-0: Foul Ball, location: 2F
1-1: DOUBLE (Flyball, 78XD, EV 89.4 MPH)
Peyton Beidelman to third
Batting: LHB Zavier Cobb 0-0: Called Strike
0-1: Called Strike
0-2: Ball
1-2: Ball
2-2: Foul Ball, location: 2F
2-2: Ground out 4-3 (Groundball, 34D, EV 77.5 MPH)
Peyton Beidelman scores
Kurt de la Piedra to third
Pinch Hitting: RHB Hayden Olszewski 0-0: Ball
1-0: Ground out 6-3 (Groundball, 6, EV 108.8 MPH)
Bottom of the 9th over - 1 run, 2 hits, 0 errors, 1 left on base; Arizona 9 - Stanford 2
Tuesday, April 16th , 2024 - OOTP Baseball 23.10 Build 110